 Dungeon Crawl Stone Soup version 0.31-a0-229-g1fc7ce93e2 (webtiles) character file.

Game seed: 2187482084741836251

16 Nietzsche the Ducker (level 2, 0/23 HPs)
             Began as a Djinni Gladiator on July 6, 2023.
             Frozen to death by an endoplasm (4 damage)
             ... on level 2 of the Dungeon.
             The game lasted 00:01:37 (684 turns).

Nietzsche the Ducker (Djinni Gladiator)              Turns: 684, Time: 00:01:38

Health: 0/23       AC:  4    Str: 13    XL:     2   Next: 70%
Gold:   60         EV: 12    Int:  9    God:
                   SH:  0    Dex: 14

rFire   + + .        a - +0 long sword
rCold   x . .        (no shield)
rNeg    . . .        b - +0 leather armour
rPois   ∞            c - +0 helmet
rElec   .            (no cloak)
rCorr   .            (no gloves)
SInv    .            (boots unavailable)
Will    .....        (no amulet)
Stlth   +            (no ring)
HPRegen 0.23/turn    (no ring)
MPRegen 0.00/turn

%: infuse magic (-1 HP)
@: flying
A: sickness immunity, fire resistance 2, cold vulnerability 1, float, innate
caster, HP casting, extra vitality 1
a: no special abilities


You were on level 2 of the Dungeon.
You visited 1 branch of the dungeon, and saw 2 of its levels.

You collected 60 gold pieces.

Inventory:

Hand Weapons
 a - a +0 long sword (weapon)
Missiles
 d - 3 throwing nets (quivered)
 e - a javelin
Armour
 b - a +0 leather armour (worn)
 c - a +0 helmet (worn)
Jewellery
 j - a ring of protection from cold
Scrolls
 f - a scroll of poison {unknown}
 g - 2 scrolls of teleportation {unknown}
 h - a scroll of identify {unknown}
 k - a scroll of revelation {unknown}
Potions
 i - a potion of curing {unknown}


   Skills:
 + Level 2.0 Fighting
 + Level 2.8 Long Blades
 - Level 1.5 Throwing
 + Level 0.1 Armour
 + Level 3.4 Dodging
 * Level 0.1 Spellcasting
 * Level 0.1 Conjurations
 * Level 0.1 Hexes
 * Level 0.1 Summonings
 * Level 0.1 Necromancy
 * Level 0.1 Translocations
 * Level 0.1 Transmutations
 * Level 0.1 Fire Magic
 * Level 0.1 Ice Magic
 * Level 0.1 Air Magic
 * Level 0.1 Earth Magic
 * Level 0.1 Poison Magic You didn't know any spells. Your spell library was empty.

Dungeon Overview and Level Annotations

Branches:
Dungeon (2/15)

Altars:

Shops:
D:1 (


Innate Abilities, Weirdness & Mutations

You are immune to sickness and miasma.
You are immune to poison.
Your flesh is very heat resistant. (rF++)
You are vulnerable to cold. (rC-)
You float through the air rather than walking.
You learn spells naturally, not from books.
Your magical power is your life essence.
You have superior vitality. (+4 MHP)


Message History

You slash the dart slug!
You kill the dart slug!
No target in view!
There is an open door here.
There is an open door here.
There is a stone staircase leading down here.
There is an escape hatch in the floor here.
Done exploring.
There is a stone staircase leading down here.
You fly downwards.
Found 8 gold pieces.
There is a stone staircase leading up here.
You now have 60 gold pieces (gained 8).
Found a stone staircase leading down.
There is a stone staircase leading down here.
Found a stone staircase leading up.
An endoplasm comes into view.
The endoplasm quivers.
An endoplasm is nearby!
The endoplasm freezes you.
You are frozen!
You feel a terrible chill!
You hit the endoplasm.
The endoplasm is almost dead.
The endoplasm freezes you.
You are frozen!
You feel a terrible chill!
You are too injured to fight recklessly!
You are too injured to fight recklessly!
You are too injured to fight recklessly!
You are too injured to fight recklessly!
You are too injured to fight recklessly!
You barely miss the endoplasm.
The endoplasm is almost dead.
The endoplasm freezes you.
You are frozen.
You feel a terrible chill!
* * * LOW HITPOINT WARNING * * *
You barely miss the endoplasm.
The endoplasm is almost dead.
The endoplasm freezes you.
You are frozen.
You feel a terrible chill!
You die...

# #. #.## ##
... .# ..#.#
... #J# #@#
#.# #.# ##.#
##..#
#..#####.#.##
#......###.#
#..#####.#.##
##..##


You could see an endoplasm.

Vanquished Creatures
  A dart slug (D:1)
  3 ball pythons (D:1)
  An endoplasm (D:1)
  A goblin (D:1)
  A hobgoblin (D:1)
  4 bats (D:1)
  A frilled lizard (D:1)
  A kobold (D:1)
  2 rats (D:1)
15 creatures vanquished.

Notes
Turn   | Place    | Note
-------+----------+-------------------------------------------
     0 | D:1      | Nietzsche the Djinni Gladiator began the quest for the Orb.
     0 | D:1      | Reached XP level 1. HP: 18/18 MP: 0/0
     5 | D:1      | Noticed an electric eel
    84 | D:1      | Reached XP level 2. HP: 17/23 MP: 0/0
   332 | D:1      | Found a faded altar of an unknown god.
   345 | D:1      | Found Jevon's Antique Weapon Boutique.
   684 | D:2      | Frozen to death by an endoplasm

Illustrated notes

Levels and vault maps discovered:
D:1:      arrival_aquarium_a, layout_basic, serial_shops, shop,
          hellmonk_ecumenical_altar_inner_sanctum, minmay_pentomino_x4
D:2:      layout_loops_ring, minmay_tall_x

Action                     || total
---------------------------++-------
  Melee: Long sword        ||    39
 Armour: Leather armour    ||    18
  Dodge: Dodged            ||    34

Table legend: (Time is in decaauts)
 A = Elapsed time spent in this place.
 B = Non-inter-level travel time spent in this place.
 C = Inter-level travel time spent in this place.
 D = Time resting spent in this place.
 E = Time spent auto-exploring this place.
 F = Levels seen in this place.
 G = Mean time per level.
                   A        B        C        D        E       F      G
               +--------+--------+--------+--------+--------+-----+--------+
         Total |    693 |    683 |     10 |      0 |    562 |   2 |  346.5 |
       Dungeon |    693 |    683 |     10 |      0 |    562 |   2 |  346.5 |
               +--------+--------+--------+--------+--------+-----+--------+

Top non-repeatable levels by time:
     D:1: 643 daAuts
     D:2: 50 daAuts
